 Dungeon Crawl Stone Soup version 0.30-a0-840-ga523dec638 (webtiles) character file.

Game seed: 3593819005604897063

79 avis the Trooper (level 3, -1/33 HPs)
             Began as a Demigod Warper on Mar 2, 2023.
             Killed from afar by an orc wizard (12 damage)
             ... with a puff of flame
             ... on level 3 of the Dungeon.
             The game lasted 00:17:29 (2372 turns).

avis the Trooper (Demigod Warper)                   Turns: 2372, Time: 00:17:29

Health: -1/33      AC:  4    Str: 12    XL:     3   Next: 95%
Magic:  8/8        EV: 12    Int: 15    God:
Gold:   75         SH:  0    Dex: 17    Spells: 3/5 levels left

rFire   . . .      SeeInvis .    a - +0 falchion
rCold   . . .      Faith    .    (no shield)
rNeg    . . .      Spirit   .    k - +0 leather armour
rPois   .          Reflect  .    (no helmet)
rElec   .          Harm     .    (no cloak)
rCorr   .          Rampage  .    (no gloves)
Will    .....                    o - +0 pair of boots
Stlth   +                        (no amulet)
HPRegen 0.25/turn                (no ring)
MPRegen 0.11/turn                (no ring)

@: confused
A: high MP 1, forlorn, divine attributes
a: no special abilities


You were on level 3 of the Dungeon.
You visited 1 branch of the dungeon, and saw 3 of its levels.

You collected 75 gold pieces.

Inventory:

Hand Weapons
 a - a +0 falchion (weapon)
 b - the +1 whip "Lahovecym" {flame, rPois Str+2}
   (You found it on level 2 of the Dungeon)

   Str:       It affects your strength (+2).
   rPois:     It protects you from poison.
Missiles
 d - 7 boomerangs of dispersal (quivered)
 h - 2 poisoned darts
Armour
 k - a +0 leather armour (worn)
 o - a +0 pair of boots (worn)
 q - a +0 chain mail
Jewellery
 e - a ring of ice
 i - a ring of protection from cold
Scrolls
 c - a scroll of blinking
 g - a scroll of torment {unknown}
 l - a scroll of identify {unknown}
 s - a scroll of teleportation {unknown}
Potions
 f - a potion of haste {unknown}
 j - 3 potions of degeneration {unknown}
 m - 2 potions of curing {unknown}
 n - a potion of might
 p - a potion of invisibility {unknown}
 r - a potion of cancellation {unknown}


   Skills:
 * Level 3.9 Fighting
 - Level 1.7 Long Blades
 - Level 0.8 Throwing
 - Level 0.8 Armour
 - Level 1.7 Dodging
 - Level 1.0 Stealth
 - Level 1.7 Spellcasting
 - Level 2.6 Translocations


You had 3 spell levels left.
You knew the following spells:

 Your Spells              Type           Power      Damage    Failure   Level
b - Blink                 Tloc           18%        N/A       14%         2

Your spell library contained the following spells:

 Spells                   Type           Power      Damage    Failure   Level
 Lesser Beckoning         Tloc           18%        N/A       14%         2
 Slow                     Hex            4%         N/A       28%         1
 Teleport Other           Tloc           9%         N/A       28%         3
 Vhi's Electric Charge    Tloc/Air       10%        N/A       45%         3
 Kindle Blastsparks       Fire/Tloc/Air  8%         2d10      52%         3
 Confusing Touch          Hex            1%         N/A       65%         3
 Ignite Poison            Fire/Tmut/Pois 1%         N/A       65%         3
 Vampiric Draining        Necr           1%         2d6       65%         3
 Manifold Assault         Tloc           9%         N/A       67%         4
 Freezing Cloud           Conj/Ice/Air   0%         6-21      100%        5


Dungeon Overview and Level Annotations

Branches:
Dungeon (3/15)

Shops:
D:2 *

Annotations:
D:2 Sigmund
D:3 1 runed translucent door, Iamsock's ghost, weakling DsWn


Innate Abilities, Weirdness & Mutations

You have an increased reservoir of magic. (+10% MP)
You shall have no god before yourself.
Your divine heritage dramatically boosts your attributes as you level up.


Message History

The slug dart misses you.
You slash the dart slug!
You kill the dart slug!
The orc misses you.
The orc wizard shouts!
You hit the orc.
The orc is lightly wounded.
The orc priest calls upon Beogh to heal the orc.
The orc's wounds heal themselves!
The orc barely misses you.
The orc drinks a potion.
The orc seems to grow stronger.
The orc shouts!
You slash the orc!
You kill the orc!
Things that are here:
a +0 flail; a scroll labelled TIHEMYGALA You closely miss the orc wizard.
You closely miss the orc wizard.
The orc wizard gestures at you while chanting.
The magic dart hits you!
You hit the orc wizard but do no damage.
The orc wizard gestures at you while chanting.
You are confused.
The orc barely misses you. The orc priest closely misses you.
The orc priest barely misses you. The orc barely misses you.
The orc wizard hits you with a +0 dagger.
You miss the orc wizard. The orc wizard misses you. The orc closely misses you.
The orc priest hits you with a +0 mace.
You barely miss the orc priest.
The orc wizard hits you with a +0 dagger.
The orc hits you with a +0 mace. The orc priest closely misses you.
You closely miss the orc wizard.
The orc wizard hits you with a +0 dagger.
The orc closely misses you. The orc priest closely misses you.
You hit the orc wizard.
The orc wizard is lightly wounded.
The orc priest calls down the wrath of Beogh upon you.
You barely resist. The orc wizard casts a spell at you.
The puff of flame hits you!
You die...

.................+....
.##.....##.......#....
#.....####.......... +###
... #.....####..........
...# .....
#........#........#. ...#
#... #....)...#.....####.
...# . #...
#................... ...#.
..#=..##..o................
.....
..........@o...............
...#
...........o.##............
...#
.............##............
...#
......†......##............
...#
..#..?.....................
...#
#........................
...#
#.....###................
#### #.....#
#................ # #......
#................


You could see an orc priest, an orc wizard and an orc.

Vanquished Creatures
  An adder (D:2)
  A worm (D:3)
  2 dart slugs (D:3)
  An orc (D:3)
  6 bats
  5 endoplasms
  6 giant cockroaches
  6 goblins
  4 hobgoblins
  3 quokkas
  2 ball pythons (D:1)
  2 frilled lizards (D:1)
  5 kobolds
  15 rats
59 creatures vanquished.

Vanquished Creatures (others)
  5 toadstools (D:1)
5 creatures vanquished.

Grand Total: 64 creatures vanquished

Notes
Turn   | Place    | Note
-------+----------+-------------------------------------------
     0 | D:1      | avis the Demigod Warper began the quest for the Orb.
     0 | D:1      | Reached XP level 1. HP: 17/17 MP: 5/5
    87 | D:1      | Reached skill level 1 in Stealth
   128 | D:1      | Reached skill level 2 in Fighting
   242 | D:1      | Reached XP level 2. HP: 24/25 MP: 7/7
   462 | D:1      | Reached skill level 3 in Fighting
   765 | D:2      | Reached XP level 3. HP: 31/31 MP: 8/8
   870 | D:2      | Identified the +1 whip "Lahovecym" {flame, rPois Str+2}
  1142 | D:2      | Found Lastrotri's General Store.
  1188 | D:2      | Noticed Sigmund
  2127 | D:3      | Learned a level 2 spell: Blink
  2295 | D:3      | Found a runed translucent door.
  2300 | D:3      | Noticed Iamsock's ghost (weakling DsWn)
  2372 | D:3      | Killed from afar by an orc wizard

Illustrated notes

Levels and vault maps discovered:
D:1:      ldierk_walled_garden, layout_rooms,
          hellmonk_ecumenical_altar_defaced_shrine
D:2:      layout_loops_ring, serial_shops, nicolae_shop_waterfront,
          item_on_display_a, uniq_sigmund
D:3:      layout_basic, nicolae_overflow_crystal_walls,
          ebering_ghost_reflecting_pool, hangedman_decor_push, uniq_terence

Skill      XL: |  1  2 |
---------------+-------+-----
Stealth        | 1 |  1.0
Fighting       | 2 3 |  3.9
Long Blades    | |  1.7
Throwing       | |  0.8
Armour         | |  0.8
Dodging        | |  1.7
Spellcasting   | |  1.7
Translocations | |  2.6

Action                     || total
---------------------------++-------
  Melee: Falchion          ||   192
         Punch             ||     2
   Stab: Sleeping          ||     3
 Armour: Leather armour    ||    62
  Dodge: Dodged            ||   137

Table legend: (Time is in decaauts)
 A = Elapsed time spent in this place.
 B = Non-inter-level travel time spent in this place.
 C = Inter-level travel time spent in this place.
 D = Time resting spent in this place.
 E = Time spent auto-exploring this place.
 F = Levels seen in this place.
 G = Mean time per level.
                   A        B        C        D        E       F      G
               +--------+--------+--------+--------+--------+-----+--------+
         Total |   2425 |   2130 |    295 |    224 |    555 |   3 |  808.3 |
       Dungeon |   2425 |   2130 |    295 |    224 |    555 |   3 |  808.3 |
               +--------+--------+--------+--------+--------+-----+--------+

Top non-repeatable levels by time:
     D:2: 1090 daAuts
     D:1: 933 daAuts
     D:3: 400 daAuts
